 Dungeon Crawl Stone Soup version 0.18-a0-455-gc7d4c65 (webtiles) character file.

966 M4edhros the Covert (level 8, -9/48 HPs)
             Began as an Octopode Artificer on Dec 2, 2015.
             Killed from afar by Dowan (18 damage)
             ... with a shard of ice
             ... on level 5 of the Dungeon.
             The game lasted 00:05:03 (2738 turns).

M4edhros the Covert (Octopode Artificer)            Turns: 2738, Time: 00:05:03

Health: -9/48      AC:  4    Str: 11    XL:     8   Next: 15%
Magic:  13/13      EV: 13    Int: 16    God:
Gold:   115        SH:  0    Dex: 12    Spells: 0 memorised, 7 levels left

rFire  . . .     SeeInvis .     v - +1 short sword (elec)
rCold  . . .     Clarity  .     (no shield)
rNeg   . . .     SustAt   .     (helmet restricted)
rPois  .         Gourm    .     (no amulet)
rElec  .         Spirit   .     m - ring of protection from magic
rCorr  .         Dsmss    .     (no ring)
rMut   .         Stasis   .     i - +3 ring of protection
MR     +....                    (no ring)
Stlth  +++++.....               (no ring)
                                (no ring)
                                (no ring)
                                (no ring)

@: somewhat resistant to hostile enchantments, quite stealthy
A: almost no armour, amphibious, 8 rings, constrict 8, camouflage 1, gelatinous
body 1
a: no special abilities


You were on level 5 of the Dungeon.
You were not hungry.

You visited 1 branch of the dungeon, and saw 5 of its levels.
You also visited: Sewer.

You collected 115 gold pieces.

Inventory:

Hand Weapons
 v - a +1 short sword of electrocution (weapon)
 x - a +2 dagger of venom
Missiles
 g - 13 steel sling bullets
 r - 12 sling bullets
Jewellery
 i - a +3 ring of protection (on tentacle)
 m - a ring of protection from magic (left tentacle)
Wands
 b - a wand of flame (8)
 c - a wand of enslavement (15)
 d - a wand of random effects (15)
 f - a wand of disintegration (8)
Scrolls
 h - 2 scrolls of remove curse
 l - a scroll of teleportation {unknown}
 o - a scroll of fear
 t - a scroll of enchant weapon
 u - a scroll of blinking
 y - a scroll of random uselessness {unknown}
Potions
 a - a potion of might {unknown}
 j - 2 potions of brilliance {unknown}
 k - 5 potions of curing
 n - 2 potions of flight {unknown}
 p - a potion of degeneration {unknown}
 s - a potion of magic {unknown}
 w - 4 potions of heal wounds {unknown}
 z - a potion of cancellation {unknown}
Books
 A - a Fen Folio

   Spells                             Type                      Level
   a - Corpse Rot                     Necromancy                   2
   b - Stone Arrow                    Conjuration/Earth            3
   c - Leda's Liquefaction            Hexes/Earth                  4
   d - Summon Forest                  Summoning/Translocation      5
   e - Hydra Form                     Transmutation                6
   f - Summon Hydra                   Summoning                    7
Comestibles
 e - 3 bread rations
 q - a beef jerky


   Skills:
 - Level 1.0 Fighting
 - Level 1.0 Short Blades
 + Level 3.5 Dodging
 + Level 8.7 Stealth
 + Level 7.4 Evocations


You had 7 spell levels left.
You didn't know any spells.

Dungeon Overview and Level Annotations

Branches:
Dungeon (5/15)
 Temple: D:4-7

Altars:
Elyvilon
Kikubaaqudgha
Vehumet
Yredelemnul

Annotations:
D:5 Dowan


Innate Abilities, Weirdness & Mutations

You cannot wear most types of armour.
You are amphibious.
You can wear up to eight rings at the same time.
You can use your tentacles to constrict eight enemies at once.
Your skin changes colour to match your surroundings (Stealth).
Your rubbery body absorbs attacks (AC +1).


Message History

Dowan is heavily wounded.
Dowan hits you with a dagger of freezing.
Dowan freezes you. Dowan closely misses you.
You hit Dowan but do no damage. You grab Dowan.
Dowan is heavily wounded.
You constrict Dowan. Dowan gestures at you while chanting.
The shard of ice hits you!
* * * LOW HITPOINT WARNING * * *
You hit Dowan.
There is a sudden explosion of sparks!
Dowan is almost dead.
You constrict Dowan. Dowan closely misses you.
Dowan mumbles some strange words.
Dowan blinks free!
You hit Dowan. You grab Dowan.
Dowan is almost dead.
You constrict Dowan. Dowan casts a spell at you. The shard of ice hits you!
You die...

.# .# .# ### .# ..
.# #. .# ### #.##)#
..# #.e@.# #####.#
#..### ..##.# #..#
#.##.## #..# ##
#.#...## #..###
.####......###....#
.##.............#.#
....#......######.#
.####.#...## ##.##


You could see Dowan.

Vanquished Creatures
  Grinder (D:4)
  Menkaure (D:4)
  Duvessa (D:5)
  2 phantoms (D:4)
  A big kobold (Sewer)
  A hound (D:4)
  A crimson imp (D:5)
  A giant frog skeleton (D:4)
  2 orc wizards (D:4)
  2 worker ants (D:4)
  4 adders
  2 oozes
  3 orcs (D:4)
  3 ball pythons (Sewer)
  2 giant cockroaches
  2 goblins
  6 hobgoblins
  4 jackals (D:1)
  3 bats
  2 giant newts
  15 kobolds
  12 rats
71 creatures vanquished.

Notes
Turn   | Place    | Note
--------------------------------------------------------------
     0 | D:1      | M4edhros the Octopode Artificer began the quest for the Orb.
     0 | D:1      | Reached XP level 1. HP: 13/13 MP: 3/3
   401 | D:1      | Reached XP level 2. HP: 18/18 MP: 4/4
   975 | D:2      | Reached XP level 3. HP: 21/23 MP: 5/5
  1102 | D:3      | Found an ancient bone altar of Kikubaaqudgha.
  1165 | D:3      | Reached skill level 4 in Evocations
  1255 | D:3      | Reached XP level 4. HP: 23/28 MP: 7/7
  1282 | D:3      | Found a radiant altar of Vehumet.
  1342 | D:3      | Found a glowing drain.
  1355 | Sewer    | Entered a sewer
  1371 | Sewer    | Noticed a big kobold
  1394 | Sewer    | Killed a big kobold
  1394 | Sewer    | Reached skill level 5 in Stealth
  1394 | Sewer    | Reached skill level 5 in Evocations
  1394 | Sewer    | Reached XP level 5. HP: 8/33 MP: 8/8
  1895 | D:4      | Found a white marble altar of Elyvilon.
  1922 | D:4      | Noticed a phantom
  1937 | D:4      | Killed a phantom
  1937 | D:4      | Reached skill level 6 in Stealth
  1937 | D:4      | Reached XP level 6. HP: 18/38 MP: 8/10
  2344 | D:4      | Noticed Menkaure
  2348 | D:4      | Killed Menkaure
  2348 | D:4      | Reached skill level 7 in Stealth
  2348 | D:4      | Reached XP level 7. HP: 22/43 MP: 11/11
  2357 | D:4      | Found a basalt altar of Yredelemnul.
  2446 | D:4      | Noticed Grinder
  2450 | D:4      | Killed Grinder
  2450 | D:4      | Reached skill level 8 in Stealth
  2675 | D:5      | Entered Level 5 of the Dungeon
  2702 | D:5      | Reached XP level 8. HP: 48/48 MP: 13/13
  2725 | D:5      | Noticed Duvessa
  2726 | D:5      | Noticed Dowan
  2733 | D:5      | Killed Duvessa
  2738 | D:5      | Killed from afar by Dowan

Vault maps used:
D:1:      dpeg_arrival_oval, minmay_misc_feat_nine_boxes
D:2:      wad_crossroads, old_standard_altar, nicolae_ashenzari_panopticon,
          gammafunk_temple_overflow_pools
D:3:      kiku_gazebo_pond_becter, marbit_many_paths, portal_sewer_entry_d,
          first_bread, kennysheep_generic_room_7
D:4:      elyvilon_altar_1, nicolae_overflow_hidden_temple, uniq_grinder,
          uniq_menkaure
D:5:      serial_shops, kennysheep_mini, grunt_ministairs_10, uniq_duvessa
Sewer:    kennysheep_pipe_town

Action                   |  1- 3 |  4- 6 |  7- 9 || total
-------------------------+-------+-------+-------++-------
Melee: Short sword       |    37 |    58 |    24 ||   119
       Rapier            |    21 |     7 |       ||    28
Evoke: Wand              |       |     7 |       ||     7
  Use: Scroll            |       |     6 |       ||     6
       Potion            |       |     1 |     1 ||     2
 Stab: Sleeping          |    12 |     7 |     2 ||    21
       Distracted        |     3 |       |       ||     3
  Eat: Chunk             |     1 |     1 |       ||     2
       Bread ration      |       |     1 |       ||     1
